 Dungeon Crawl Stone Soup version 0.18-a0-1300-g6e8322c (webtiles) character file.

10390 Ijustatesigmund the Fighter (level 11, -16/136 (139) HPs)
             Began as a Demonspawn Berserker on Feb 11, 2016.
             Was a Priest of Trog.
             Demolished by a minotaur
             ... wielding the +7 quarterstaff of Death {flame, rPois Int+2 SInv}
              (25 damage)
             ... in a labyrinth.
             The game lasted 00:38:15 (10929 turns).

Ijustatesigmund the Fighter (Demonspawn Berserker) Turns: 10929, Time: 00:38:15

HP:   -16/136 (139) AC: 12    Str: 22    XL:     11   Next: 35%
MP:   0/15          EV: 16    Int: 10    God:    Trog [***...]
Gold: 634           SH:  2    Dex: 20    Spells: 0 memorised, 16 levels left

rFire  . . .     SeeInvis .     x - +3 battleaxe (vamp)
rCold  . . .     Gourm    .     e - +1 scale mail {MR+}
rNeg   . . .     Faith    .     (shield currently unavailable)
rPois  .         Spirit   +     s - +0 helmet
rElec  +         Dismiss  .     (no cloak)
rCorr  .         Reflect  .     (no gloves)
SustAt .         Harm     .     (no boots)
MR     ++++.                    k - amulet of regeneration
Stlth  ..........               A - +2 ring of evasion
                                E - ring "Jinuig" {rElec MR+ Dex+5 Stlth+}

@: berserking (expiring), regenerating, very quick, incredibly resistant to
hostile enchantments, extremely unstealthy
A: claws 1, large bone plates 1, nightstalker 2, magic shield, magic
regeneration
a: Berserk, Trog's Hand, Burn Spellbooks, Renounce Religion


You were in a labyrinth.
You worshipped Trog.
Trog was most pleased with you.
You were not hungry.

You visited 1 branch of the dungeon, and saw 11 of its levels.
You also visited: Labyrinth.

You collected 634 gold pieces.

Inventory:

Hand Weapons
 x - a +3 vampiric battleaxe (weapon)
 L - a +3 war axe
Armour
 e - a +1 scale mail of magic resistance (worn)
 s - a +0 helmet (worn)
Jewellery
 d - an uncursed ring of resist corrosion
 k - an amulet of regeneration (around neck)
 t - an uncursed amulet of magic regeneration {unknown}
 y - an uncursed ring of protection from cold
 A - a +2 ring of evasion (right claw)
 D - an uncursed ring of flight
 E - the ring "Jinuig" (left claw) {rElec MR+ Dex+5 Stlth+}
   (You found it in a labyrinth)

   [ring of protection from magic]

   It affects your dexterity (+5).
   It insulates you from electricity.
   It affects your resistance to hostile enchantments.
   It makes you more stealthy.
Wands
 b - a wand of disintegration (4/24)
 f - a wand of paralysis (6/24)
 m - a wand of paralysis (11/24)
 o - a wand of teleportation (2/9)
 w - a wand of flame (28/48)
 I - a wand of random effects (24/48)
 K - a wand of polymorph (7/24)
Scrolls
 g - a scroll of magic mapping
 r - 4 scrolls of remove curse
 u - a scroll of fog
 z - 2 scrolls of teleportation
 J - a scroll of recharging
Potions
 h - 2 potions of agility
 j - a potion of magic
 l - 2 potions of cure mutation
 n - a potion of cancellation
 p - a potion of brilliance
 q - a potion of berserk rage
 v - 5 potions of curing
 B - a potion of lignification {unknown}
 C - 2 potions of might
Books
 H - Sif Muna's Catalogue of Dusty Evil Magic
   (You found it on level 8 of the Dungeon)

   Spells                             Type                      Level
   a - Sandblast                      Earth                        1
   b - Pain                           Necromancy                   1
   c - Corpse Rot                     Necromancy                   2
   d - Stone Arrow                    Conjuration/Earth            3
   e - Leda's Liquefaction            Hexes/Earth                  4
   f - Death Channel                  Necromancy                   6
   Trog disapproves of the use of such an item.
Comestibles
 a - 7 royal jellies
 c - 5 bread rations
 i - 5 meat rations


   Skills:
 * Level 11.0 Fighting
 * Level 10.0 Axes
 + Level 6.7 Armour
 - Level 6.0 Dodging
 - Level 3.1 Spellcasting


You had 16 spell levels left.
You didn't know any spells.

Dungeon Overview and Level Annotations

Branches:
Dungeon (11/15)            Temple (0/1) D:5            Lair (0/8) D:9
    Orc: D:9-12

Altars:
Dithmenos
Elyvilon
Fedhas
Gozag
Kikubaaqudgha
Nemelex Xobeh
Okawaru
Pakellas
Sif Muna
Trog
Vehumet
Xom

Shops:
D:4 *   D:5 %}[   D:9 *

Annotations:
D:5 Prince Ribbit


Innate Abilities, Weirdness & Mutations

You have sharp fingernails.
You are partially covered in large bone plates (AC +2, SH +2).
You are significantly more attuned to the shadows.
When hurt, damage is shared between your health and your magic reserves.
You regenerate magic rapidly.


Message History

The minotaur barely misses you.
You slash the minotaur!
The minotaur is severely wounded.
The minotaur hits you with a fine quarterstaff {flame}!!
* * * LOW HITPOINT WARNING * * *
The minotaur burns you!
* * * LOW HITPOINT WARNING * * *
The minotaur barely misses you.
You closely miss the minotaur.
The minotaur furiously retaliates!
The minotaur headbutts you!
* * * LOW HITPOINT WARNING * * *
The minotaur is severely wounded.
You hit the minotaur.
The minotaur is severely wounded.
The minotaur closely misses you.
The minotaur gores you but does no damage.
You slash the minotaur!
The minotaur is almost dead.
The minotaur hits you with a fine quarterstaff {flame}!!
You die...

# ## ### ## .
# . . # . .
.# #. ..#..
.# #.# # #.
##### ### ...
. # .#.... .
.#. # # .
#.######.# #
# # .# #.#.#
# .
#.#.####.#
.#.#...H@.#.#
.
#.########.#
## #.....
....# . .
###### # # #
. . .. # #...
# # . .# . .
. #


You could see a minotaur.

Vanquished Creatures
  Erolcha (D:9)
  Erica (D:9)
  2 hill giants
  Pikel (D:4)
  An ugly thing (D:10)
  A cyclops (D:11)
  2 trolls
  Grinder (D:4)
  A redback (Lab)
  3 yaks (D:11)
  Sigmund (D:5)
  A hippogriff (D:7)
  2 hungry ghosts (Lab)
  A steam dragon (D:10)
  Edmund (D:5)
  3 sky beasts
  A slave (D:4)
  An orc warrior (D:10)
  A wasp (D:10)
  2 black bears
  2 necrophages
  4 ice beasts
  3 ogres
  A phantom (D:7)
  5 centaurs
  2 big kobolds
  5 giant frogs
  A gnoll sergeant (D:8)
  4 scorpions
  12 wights
  2 crimson imps
  A centaur zombie (D:7)
  A quasit (D:10)
  2 giant frog zombies
  3 jellies (D:9)
  5 orc priests
  6 hounds
  4 giant frog skeletons
  6 orc wizards
  3 centaur skeletons
  Natasha (thrice) (D:3)
  Ijyb (D:3)
  Terence (D:2)
  An iguana (D:9)
  6 worker ants
  2 hound zombies
  A hound skeleton (D:10)
  Robin (D:4)
  2 worker ant zombies
  7 adders
  12 gnolls
  4 shadow imps
  6 oozes
  An adder skeleton (D:4)
  An adder zombie (D:8)
  4 worms
  5 giant geckos
  22 orcs
  2 ball pythons
  4 giant cockroaches
  13 goblins
  4 hobgoblins
  7 jackals
  15 kobolds
  6 bats
  8 giant newts
  7 rats
246 creatures vanquished.

Vanquished Creatures (others)
  3 slaves (D:4)
3 creatures vanquished.

Grand Total: 249 creatures vanquished

Notes
Turn   | Place    | Note
--------------------------------------------------------------
     0 | D:1      | Ijustatesigmund the Demonspawn Berserker began the quest for the Orb.
     0 | D:1      | Reached XP level 1. HP: 18/18 MP: 1/1
   314 | D:1      | Gained mutation: You are partially covered in large bone plates (AC +2, SH +2). [demonic ancestry]
   314 | D:1      | Reached XP level 2. HP: 13/24 MP: 2/2
   894 | D:1      | Reached ** piety under Trog
  1049 | D:1      | Reached XP level 3. HP: 29/29 MP: 3/3
  1538 | D:2      | Noticed Terence
  1553 | D:2      | Killed Terence
  1553 | D:2      | Reached skill level 4 in Fighting
  1553 | D:2      | Gained mutation: You have sharp fingernails. [demonic ancestry]
  1553 | D:2      | Reached XP level 4. HP: 37/37 MP: 4/4
  1765 | D:3      | Found a bloodstained altar of Trog.
  1765 | D:3      | Noticed a moth of wrath
  2061 | D:3      | Noticed Ijyb
  2076 | D:3      | Killed Ijyb
  2138 | D:3      | Noticed Natasha
  2146 | D:3      | Killed Natasha
  2146 | D:3      | Gained mutation: When hurt, damage is shared between your health and your magic reserves. [demonic ancestry]
  2146 | D:3      | Reached XP level 5. HP: 36/43 MP: 5/5
  2270 | D:3      | Noticed Natasha
  2281 | D:3      | Killed Natasha
  2285 | D:3      | Noticed Natasha
  2294 | D:3      | Killed Natasha
  2294 | D:3      | Reached skill level 5 in Fighting
  2366 | D:3      | Found a white marble altar of Elyvilon.
  2390 | D:3      | Reached *** piety under Trog
  2392 | D:3      | Found a shimmering altar of Xom.
  2449 | D:3      | Reached XP level 6. HP: 17/51 MP: 2/6
  2802 | D:3      | Reached skill level 5 in Axes
  3180 | D:4      | Noticed an ice beast
  3196 | D:4      | Killed an ice beast
  3222 | D:4      | Reached skill level 6 in Fighting
  3435 | D:4      | Found Ceowimas's Elemental Accessories.
  3511 | D:4      | Gained mutation: You are slightly more attuned to the shadows. [demonic ancestry]
  3511 | D:4      | Reached XP level 7. HP: 58/58 MP: 7/7
  3550 | D:4      | Noticed Robin
  3555 | D:4      | Killed Robin
  3902 | D:4      | Reached **** piety under Trog
  3991 | D:4      | Noticed Grinder
  3993 | D:4      | Noticed Pikel
  4027 | D:4      | Killed Pikel
  4027 | D:4      | Reached skill level 7 in Fighting
  4027 | D:4      | Reached XP level 8. HP: 63/68 MP: 5/8
  4269 | D:4      | Paralysed by Grinder for 7 turns
  4295 | D:4      | Reached skill level 8 in Fighting
  4314 | D:4      | Killed Grinder
  4371 | D:4      | Found a sparkling altar of Nemelex Xobeh.
  4372 | D:4      | Found an opulent altar of Gozag.
  4471 | D:5      | Entered Level 5 of the Dungeon
  4471 | D:5      | Noticed Edmund
  4472 | D:5      | Found Eqiuci's Antique Armour Emporium.
  4493 | D:5      | Killed Edmund
  4528 | D:5      | Noticed Prince Ribbit
  4563 | D:5      | Found Lust's Food Shop.
  4614 | D:5      | Noticed Sigmund
  4625 | D:5      | Killed Sigmund
  4700 | D:5      | Reached skill level 9 in Fighting
  4766 | D:5      | Reached XP level 9. HP: 76/76 MP: 9/9
  4786 | D:5      | Identified a scroll of acquirement
  4842 | D:5      | Found Kaosu's Gadget Boutique.
  4944 | D:5      | Found an oddly glowing altar of Pakellas.
  5155 | D:5      | Found a staircase to the Ecumenical Temple.
  5351 | D:6      | Found a radiant altar of Vehumet.
  5497 | D:6      | Found an ancient bone altar of Kikubaaqudgha.
  5637 | D:6      | You fall through a shaft for 2 floors!
  6197 | D:7      | Reached skill level 10 in Fighting
  6359 | D:7      | Found a shadowy altar of Dithmenos.
  6683 | D:7      | Found a deep blue altar of Sif Muna.
  6693 | D:7      | Found a bloodstained altar of Trog.
  6800 | D:8      | Gained mutation: You are significantly more attuned to the shadows. [demonic ancestry]
  6800 | D:8      | Reached XP level 10. HP: 85/85 MP: 5/10
  6838 | D:8      | Identified Sif Muna's Catalogue of Dusty Evil Magic
  7426 | D:8      | Found a blossoming altar of Fedhas.
  7510 | D:9      | Noticed Erica
  7515 | D:9      | Reached ***** piety under Trog
  7523 | D:9      | Killed Erica
  7669 | D:9      | Found Qeobb's Demolitions Depot.
  7923 | D:9      | Noticed Erolcha
  7937 | D:9      | Killed Erolcha
  8125 | D:9      | Reached skill level 5 in Dodging
  8320 | D:9      | Found a staircase to the Lair.
  8482 | D:9      | Found an iron altar of Okawaru.
  8730 | D:10     | Entered Level 10 of the Dungeon
  8790 | D:10     | Reached skill level 5 in Armour
  8803 | D:10     | Noticed a white ugly thing
  8819 | D:10     | Killed a white ugly thing
  9331 | D:10     | Gained mutation: You regenerate magic rapidly. [demonic ancestry]
  9331 | D:10     | Reached XP level 11. HP: 90/90 MP: 11/11
  9470 | D:10     | Noticed a hill giant
  9479 | D:10     | Killed a hill giant
  9479 | D:10     | Reached skill level 1 in Spellcasting
  9914 | D:11     | Noticed a hill giant
  9922 | D:11     | Killed a hill giant
 10006 | D:11     | Found a labyrinth entrance.
 10013 | Lab      | Entered a labyrinth
 10485 | Lab      | Reached skill level 11 in Fighting
 10492 | Lab      | Reached skill level 10 in Axes
 10595 | Lab      | Got a steaming lead ring
 10597 | Lab      | Identified the ring "Jinuig" {rElec MR+ Dex+5 Stlth+} (You found it in a labyrinth)
 10918 | Lab      | Noticed a minotaur
 10927 | Lab      | HP: 5/136 [minotaur's headbutt (12)]
 10929 | Lab      | Identified the +7 quarterstaff of Death {flame, rPois Int+2 SInv}
 10929 | Lab      | Demolished by a minotaur

Vault maps used:
D:1:      tarquinn_simple_flora_water_e
D:2:      first_bread, uniq_terence
D:3:      xom_teletrap_fun, elyvilon_altar_1, tgw_trog, uniq_iyjb, uniq_natasha
D:4:      grunt_temple_overflow_opulence, nicolae_elemental_shop, uniq_grinder,
          uniq_robin, uniq_pikel
D:5:      kennysheep_mini, minmay_temple_entry_fiery, serial_shops, shop,
          nicolae_shop_overgrown_old_shop, nicolae_shop_window_shopping,
          kennysheep_generic_room_7, uniq_sigmund, uniq_edmund,
          uniq_prince_ribbit1
D:6:      kiku_gazebo_pond_becter, kennysheep_little_box
D:7:      lemuel_crystal_altar, amethyst_overflow_temple_binary
D:8:      marbit_many_paths
D:9:      kennysheep_okawaru_gauntlet, lair_0_dummy,
          hangedman_little_slice_of_home, nicolae_blasting_shop, uniq_erolcha,
          uniq_erica
D:11:     lab_entry_generic, grunt_gozag_breadcrumbs
Lab:      labyrinth_spiral, nicolae_lab_do_over, lab_hedge, nicolae_lab_stuck

Action                   |  1- 3 |  4- 6 |  7- 9 | 10-12 || total
-------------------------+-------+-------+-------+-------++-------
Melee: Hand axe          |   118 |   175 |   208 |       ||   501
       Battleaxe         |       |       |   190 |   309 ||   499
Invok: Berserk           |     3 |     5 |     7 |     5 ||    20
       Trog's Hand       |       |     1 |     5 |     4 ||    10
       Burn Spellbooks   |       |       |     1 |     2 ||     3
Evoke: Wand              |       |     2 |     4 |     3 ||     9
  Use: Scroll            |       |    15 |     7 |     7 ||    29
       Potion            |       |       |     3 |       ||     3
 Stab: Paralysed         |       |       |     5 |       ||     5
       Sleeping          |       |       |       |     5 ||     5
  Eat: Chunk             |     3 |     8 |    10 |    12 ||    33
       Bread ration      |     1 |       |     1 |     1 ||     3
       Pizza             |       |     1 |     1 |     2 ||     4
       Royal jelly       |       |       |     1 |     4 ||     5
       Fruit             |       |       |     3 |       ||     3
       Beef jerky        |       |       |     2 |       ||     2
